 Dungeon Crawl Stone Soup version 0.17-a0-2231-gd80ca38 (webtiles) character file.

162 Ijustatesigmund the Sneak (level 5, -3/31 HPs)
             Began as an Octopode Wizard on Oct 29, 2015.
             Slain by a decayed bog body (8 damage)
             ... in an ossuary.
             The game lasted 00:11:29 (3170 turns).

Ijustatesigmund the Sneak (Octopode Wizard)         Turns: 3170, Time: 00:11:29

Health: -3/31      AC:  1    Str:  7    XL:     5   Next: 43%
Magic:  0/9        EV: 12    Int: 21    God:
Gold:   144        SH:  0    Dex: 10    Spells: 4 memorised, 2 levels left

rFire  . . .     SeeInvis .     h - +1 short sword
rCold  . . .     Clarity  .     (no shield)
rNeg   . . .     SustAt   .     a - +0 hat
rPois  .         Gourm    .     (no amulet)
rElec  .         Spirit   .     (no ring)
rCorr  .         Warding  .     (no ring)
rMut   .         Stasis   .     (no ring)
MR     .....                    (no ring)
Stlth  ++++......               (no ring)
                                (no ring)
                                (no ring)
                                (no ring)

@: repel missiles, not resistant to hostile enchantments, stealthy
A: almost no armour, amphibious, 8 rings, constrict 8, camouflage 1, gelatinous
body 1
a: no special abilities


You were in an ossuary.
You were not hungry.

You visited 1 branch of the dungeon, and saw 4 of its levels.
You also visited: Ossuary.

You collected 144 gold pieces.

Inventory:

Hand Weapons
 g - a +0 blowgun
 h - a +1 short sword (weapon)
Missiles
 k - 3 tomahawks (quivered)
Armour
 a - a +0 hat (worn)
Magical Staves
 o - an uncursed staff of wizardry
Scrolls
 e - 2 scrolls of remove curse
 f - 2 scrolls of teleportation
 m - a scroll of recharging
Potions
 d - 2 potions of lignification
 i - 2 potions of agility
 j - a potion of heal wounds
 p - a potion of degeneration {unknown}
Books
 b - a book of Minor Magic

   Spells                             Type                      Level
   a - Magic Dart                     Conjuration                  1
   b - Blink                          Translocation                2
   c - Call Imp                       Summoning                    2
   d - Repel Missiles                 Charms/Air                   2
   e - Slow                           Hexes                        2
   f - Conjure Flame                  Conjuration/Fire             3
   g - Mephitic Cloud                 Conjuration/Poison/Air       3
Comestibles
 c - 2 bread rations
 l - a beef jerky
 n - 2 chunks of flesh


   Skills:
 - Level 1.0 Short Blades
 - Level 2.0 Dodging
 + Level 5.2 Stealth
 - Level 3.0 Spellcasting
 + Level 3.2 Conjurations
   Level 1.0 Summonings
 - Level 1.0 Translocations
 - Level 1.1 Air Magic
 - Level 1.0 Poison Magic


You had 2 spell levels left.
You knew the following spells:

 Your Spells              Type           Power        Failure   Level  Hunger
a - Magic Dart            Conj           ###.         3%          1    None
b - Blink                 Tloc           N/A          14%         2    ##.....
c - Repel Missiles        Chrm/Air       #.....       17%         2    ##.....
d - Mephitic Cloud        Conj/Pois/Air  ##......     21%         3    ###....


Dungeon Overview and Level Annotations

Branches:
Dungeon (4/15)
 Temple: D:4-7

Altars:
Dithmenos
Gozag
Makhleb
Qazlal
Ru


Innate Abilities, Weirdness & Mutations

You cannot wear most types of armour.
You are amphibious.
You can wear up to eight rings at the same time.
You can use your tentacles to constrict eight enemies at once.
Your skin changes colour to match your surroundings (Stealth).
Your rubbery body absorbs attacks (AC +1).


Message History

The decayed bog body points at you and mumbles some strange words.
You resist with some effort.
Casting: Magic Dart
Confirm with . or Enter, or press ? or * to list all spells.
Aiming: Magic Dart
Press: ? - help, Shift-Dir - straight line, f/p - decayed bog body
Aim: a decayed bog body (severely damaged)
The magic dart hits the decayed bog body.
The decayed bog body is severely damaged.
The decayed bog body barely misses you. The decayed bog body touches you.
The decayed bog body freezes you.
You hit the decayed bog body. Your grab misses the decayed bog body.
The decayed bog body is severely damaged.
The decayed bog body hits you!
Ouch! That really hurt!
* * * LOW HITPOINT WARNING * * *
The decayed bog body touches you.
* * * LOW HITPOINT WARNING * * *
The decayed bog body freezes you!
You die...

≈#+#+#+#+#+#
MZZ≈.......+
#+##'##Z##.#
#...# #nn.#
#@..# #####


You could see 2 decayed bog bodies and a worker ant zombie.

Vanquished Creatures
  2 giant frog zombies (Ossuary)
  2 adders
  A worm (D:2)
  2 giant geckos (D:2)
  An orc (D:2)
  13 bats
  A giant cockroach (D:2)
  12 goblins
  11 hobgoblins
  7 jackals
  2 ball pythons
  5 giant newts
  A jackal zombie (Ossuary)
  5 kobolds
  4 rats
69 creatures vanquished.

Vanquished Creatures (others)
  A plant (Ossuary)
1 creature vanquished.

Grand Total: 70 creatures vanquished

Notes
Turn   | Place    | Note
--------------------------------------------------------------
     0 | D:1      | Ijustatesigmund the Octopode Wizard began the quest for the Orb.
     0 | D:1      | Reached XP level 1. HP: 11/11 MP: 4/4
   203 | D:1      | Reached XP level 2. HP: 17/17 MP: 0/6
   263 | D:1      | Learned a level 2 spell: Blink
   266 | D:1      | Learned a level 2 spell: Repel Missiles
   748 | D:1      | Reached skill level 4 in Stealth
  1011 | D:1      | Reached XP level 3. HP: 16/21 MP: 3/7
  1016 | D:1      | Learned a level 3 spell: Mephitic Cloud
  1198 | D:2      | Reached skill level 1 in Poison Magic
  1421 | D:2      | Reached skill level 1 in Air Magic
  1511 | D:2      | You fall through a shaft!
  1776 | D:2      | Reached XP level 4. HP: 27/27 MP: 0/8
  1866 | D:2      | Found a shadowy altar of Dithmenos.
  1866 | D:2      | Found a stormy altar of Qazlal.
  1867 | D:2      | Found an opulent altar of Gozag.
  1867 | D:2      | Found a burning altar of Makhleb.
  1891 | D:2      | Reached skill level 1 in Short Blades
  2913 | D:3      | Found a sacrificial altar of Ru.
  3054 | D:4      | Found a sand-covered staircase.
  3065 | Ossuary  | Entered an ossuary
  3092 | Ossuary  | Reached XP level 5. HP: 2/31 MP: 1/9
  3115 | Ossuary  | Reached skill level 5 in Stealth
  3170 | Ossuary  | Slain by a decayed bog body

Vault maps used:
D:1:      elethiomel_arrival_quiet
D:2:      grunt_temple_overflow_open
D:3:      first_bread, nicolae_ru_sacrificial_ziggurat
D:4:      kennysheep_mini_moat, nicolae_ossuary_entry_monument
Ossuary:  ossuary_zaba_flooded

Action                   |  1- 3 |  4- 6 || total
-------------------------+-------+-------++-------
Melee: Dagger            |    20 |       ||    20
       Short sword       |     4 |    21 ||    25
 Cast: Magic Dart        |    74 |    72 ||   146
       Repel Missiles    |     2 |       ||     2
  Use: Scroll            |     8 |     3 ||    11
       Potion            |       |     1 ||     1
 Stab: Sleeping          |     2 |     2 ||     4
  Eat: Chunk             |     3 |     4 ||     7
